AoeStats
← APTokyo

Lombardia

509277322Analyzed
2v2 RM · 5d ago on Sep 26, 2026· 80m 37s· 4 players
Game mode
Random Map
Map size
Medium (4 player)
Population
200
Speed
Normal
Resources
Standard
Victory
Conquest
Starting age
Dark Age
Ending age
Imperial Age
RankedLock teamsTeams togetherTeam positionsShared explorationLock speedFull tech treeHidden civsTurbo modeCheats
Victory
Defeat
🇺🇸 Varangians · United States
1216
+18
🇺🇸 Saxons · United States
1190
+19
🇲🇽 Varangians · Mexico
1279
-19
🇲🇽 Britons · Mexico
1255
-18
PaperDrake921
7:13 Loom
9:39 Feudal Age
10:24 Double-Bit Axe
11:10 Horse Collar
14:33 Bloodlines
15:48 Forging
22:35 Castle Age
23:25 Scale Barding Armor
23:29 Husbandry
24:11 Bow Saw
24:38 Wheelbarrow
24:24 Gold Mining
25:22 Chain Barding Armor
27:50 Stone Mining
28:20 Hand Cart
30:05 Iron Casting
37:45 Heavy Plow
37:42 Pikeman
40:57 Imperial Age
38:43 Vendel Legacy
39:28 Gambesons
39:44 Squires
39:46 Scale Mail Armor
41:29 Chain Mail Armor
41:18 Cavalier
41:44 Gothikon
42:45 Conscription
43:52 Plate Barding Armor
44:18 Blast Furnace
43:05 Elite Varangian Guard
45:28 Plate Mail Armor
53:01 Caravan
53:10 Elite Jarl
54:19 Light Cavalry
62:03 Fletching
62:14 Padded Archer Armor
61:55 Hussar
66:40 Capped Ram
67:42 Siege Ram
70:32 Masonry
70:27 Siege Engineers
70:43 Ballistics
71:24 Chemistry
70:23 Bodkin Arrow
70:43 Leather Archer Armor
APTokyo
7:14 Loom
10:41 Feudal Age
12:07 Town Watch
15:38 Castle Age
22:17 Double-Bit Axe
22:13 Horse Collar
22:25 Stone Mining
24:16 Wheelbarrow
25:09 Fletching
25:54 Bodkin Arrow
26:37 Gold Mining
27:30 Padded Archer Armor
29:24 Hand Cart
29:35 Ballistics
31:05 Treadmill Crane
31:38 Masonry
31:44 Leather Archer Armor
34:15 Thumb Ring
35:01 Fortified Wall
39:12 Imperial Age
37:07 Town Patrol
37:38 Scale Mail Armor
38:37 Chain Mail Armor
39:13 Forging
39:20 Bow Saw
39:10 Heavy Plow
39:47 Gold Shaft Mining
39:31 Squires
39:16 Arson
38:52 Pikeman
40:01 Bracer
41:03 Chemistry
40:34 Architecture
40:10 Siege Engineers
39:32 Cranequins
41:37 Ring Archer Armor
41:38 Plate Mail Armor
42:00 Iron Casting
41:27 Heavy Mounted Crossbowman
45:37 Guilds
45:23 Shield Wall
46:24 Conscription
46:39 Hoardings
47:16 Caravan
47:46 Elite Varangian Guard
58:52 Two-Man Saw
58:23 Crop Rotation
60:49 Gambesons
68:26 Capped Ram
69:23 Siege Ram
75:33 Elite Hearth Troop
DS_Matijuz
6:19 Loom
9:13 Feudal Age
9:41 Double-Bit Axe
9:37 Horse Collar
12:49 Bloodlines
17:01 Wheelbarrow
20:29 Castle Age
19:36 Forging
19:32 Gold Mining
20:33 Scale Barding Armor
21:38 Bow Saw
23:56 Iron Casting
31:14 Chain Barding Armor
38:51 Imperial Age
36:44 Scale Mail Armor
37:17 Squires
37:02 Gambesons
37:03 Arson
37:28 Light Cavalry
38:11 Husbandry
38:31 Chain Mail Armor
38:20 Pikeman
38:34 Vendel Legacy
40:54 Conscription
40:02 Halberdier
41:36 Fortified Wall
41:16 Cavalier
42:41 Hand Cart
42:13 Town Watch
42:48 Heavy Plow
44:59 Town Patrol
45:46 Elite Varangian Guard
47:52 Plate Mail Armor
48:00 Hussar
50:09 Blast Furnace
49:47 Plate Barding Armor
49:47 Elite Skirmisher
50:19 Fletching
51:03 Masonry
51:14 Caravan
52:05 Bodkin Arrow
52:11 Padded Archer Armor
53:12 Bracer
53:35 Ballistics
54:40 Leather Archer Armor
54:14 Gothikon
56:16 Ring Archer Armor
56:48 Chemistry
56:40 Capped Ram
57:59 Siege Ram
62:27 Man-at-Arms
67:05 Cranequins
69:06 Murder Holes
71:05 Elite Jarl
71:12 Long Swordsman
71:51 Two-Handed Swordsman
Hari_Seldon
7:18 Loom
9:18 Feudal Age
10:38 Double-Bit Axe
17:36 Castle Age
16:17 Horse Collar
16:30 Gold Mining
17:08 Stone Mining
20:15 Bow Saw
23:21 Fletching
26:14 Bodkin Arrow
27:15 Town Watch
28:48 Wheelbarrow
30:20 Crossbowman
32:08 Padded Archer Armor
32:45 Hand Cart
33:22 Ballistics
36:10 Imperial Age
33:12 Pikeman
34:41 Yeomen
34:48 Scale Mail Armor
35:24 Forging
35:25 Squires
36:21 Chain Mail Armor
37:12 Leather Archer Armor
38:04 Plate Mail Armor
38:41 Iron Casting
37:58 Arbalester
39:36 Gold Shaft Mining
39:25 Fortified Wall
40:57 Halberdier
42:22 Bracer
42:40 Town Patrol
43:11 Ring Archer Armor
43:12 Elite Longbowman
43:21 Heavy Scorpion
43:28 Capped Ram
44:39 Warwolf
47:04 Chemistry
47:26 Masonry
51:36 Blast Furnace
51:08 Architecture
52:31 Elite Skirmisher
56:23 Caravan
59:29 Two-Man Saw
61:58 Conscription
68:14 Gambesons
68:01 Man-at-Arms
71:13 Long Swordsman
72:50 Two-Handed Swordsman
75:42 Hoardings
Connection lost

Rejoining the realm…

Still unreachable

The connection could not be restored.

Session expired

The server has moved on; the page needs a fresh start.